 Dungeon Crawl Stone Soup version 0.18-b1-10-g3f7de93 (webtiles) character file.

49 Zhenya25pyc the Shield-Bearer (level 3, 0/23 HPs)
             Began as a Gargoyle Fighter on Apr 29, 2016.
             Slain by Sigmund
             ... wielding a +2 scythe of venom
              (8 damage)
             ... on level 2 of the Dungeon.
             The game lasted 00:07:31 (892 turns).

Zhenya25pyc the Shield-Bearer (Gargoyle Fighter)     Turns: 892, Time: 00:07:31

Health: 0/23       AC: 11    Str: 20    XL:     3   Next: 77%
Magic:  3/3        EV:  7    Int:  8    God:
Gold:   67         SH:  9    Dex:  9    Spells: 0 memorised, 2 levels left

rFire  . . .     SeeInvis .     a - +0 flail
rCold  . . .     Gourm    .     b - +0 scale mail
rNeg   + . .     Faith    .     c - +0 shield
rPois  ∞         Spirit   .     p - +0 helmet (curse)
rElec  +         Dismiss  .     (no cloak)
rCorr  .         Reflect  .     (no gloves)
SustAt .         Harm     .     (no boots)
MR     .....                    (no amulet)
Stlth  ..........               (no ring)
                                (no ring)

@: not resistant to hostile enchantments, extremely unstealthy
A: negative energy resistance 1, electricity resistance, unbreathing,
petrification resistance, rot immunity, AC +3
a: no special abilities


You were on level 2 of the Dungeon.
You were not hungry.

You visited 1 branch of the dungeon, and saw 2 of its levels.

You collected 67 gold pieces.

Inventory:

Hand Weapons
 a - a +0 flail (weapon)
Armour
 b - a +0 scale mail (worn)
 c - a +0 shield (worn)
 p - a cursed +0 helmet (worn)
Wands
 o - a wand of confusion (35/48)
Scrolls
 e - a scroll of remove curse {unknown}
 i - 3 scrolls of identify {unknown}
 j - 2 scrolls of enchant weapon {unknown}
 l - a scroll of noise {unknown}
 n - a scroll of teleportation {unknown}
Potions
 d - a potion of might
 g - a potion of resistance {unknown}
 h - a potion of brilliance {unknown}
 m - a potion of magic {unknown}
 q - a potion of lignification {unknown}
Comestibles
 f - 3 bread rations
 k - 2 slices of pizza


   Skills:
 + Level 3.5 Fighting
 * Level 2.8 Maces & Flails
 + Level 3.5 Armour
 + Level 4.0 Shields


You had 2 spell levels left.
You didn't know any spells.

Dungeon Overview and Level Annotations

Branches:
Dungeon (2/15)

Altars:
Ashenzari

Annotations:
D:2 Sigmund


Innate Abilities, Weirdness & Mutations

You are resistant to torment.
Your stone body is resilient (AC +3).
You are immune to poison.
You resist negative energy.
You are resistant to electric shocks.
You can survive without breathing.
You are immune to petrification.
You are immune to rotting.


Message History

Sigmund is nearby!
Sigmund mumbles some strange words.
Sigmund flickers and vanishes!
Deactivating autopickup; reactivate with Ctrl-A.
No target in view!
No target in view!
No target in view!
No target in view!
You swing at nothing.
Something hits you.
You swing at nothing.
Something hits you but does no damage.
You swing at nothing.
You swing at nothing.
Something hits you.
You swing at nothing.
Something hits you but does no damage.
You swing at nothing.
Something hits you but does no damage.
You swing at nothing.
Something hits you.
You swing at nothing.
Something hits you but does no damage.
You swing at nothing.
Something hits you but does no damage.
You swing at nothing.
Something hits you but does no damage.
You swing at nothing.
Something hits you!
You die...

#.##........####..#
#.........†....#
#.......#####..#
.....#.##
###.##.######.
#..####.........<.
.....$..##.#####..
#..####.##.# #@##.#
#.##.. .{..>.
......## ###.##.#
#.# .# #.# # ..#


There were no monsters in sight!

Vanquished Creatures
  An adder (D:2)
  2 worms (D:2)
  A dart slug (D:1)
  A giant gecko (D:2)
  A ball python (D:1)
  4 bats
  A giant cockroach (D:1)
  2 hobgoblins
  A giant newt (D:1)
  8 goblins
  5 kobolds
  4 rats
31 creatures vanquished.

Notes
Turn   | Place    | Note
--------------------------------------------------------------
     0 | D:1      | Zhenya25pyc the Gargoyle Fighter began the quest for the Orb.
     0 | D:1      | Reached XP level 1. HP: 14/14 MP: 1/1
   272 | D:1      | Reached XP level 2. HP: 14/19 MP: 2/2
   280 | D:1      | Found a shattered altar of Ashenzari.
   606 | D:2      | Reached XP level 3. HP: 18/23 MP: 3/3
   872 | D:2      | Reached skill level 4 in Shields
   879 | D:2      | Noticed Sigmund
   892 | D:2      | Slain by Sigmund

Skill      XL: |  1  2  3 |
---------------+----------+-----
Shields        | 4 |  4.0
Fighting       | |  3.5
Maces & Flails | |  2.8
Armour         | |  3.5

Action                   || total
-------------------------++-------
Melee: Flail             ||   129
Armor: Scale mail        ||    86
Dodge: Dodged            ||    30
Block: Shield            ||    65
